 Dungeon Crawl Stone Soup version 0.26.0-9-gab577f9fc5 (webtiles) character file.

Game seed: 2731382971274473878

47520 OdinFK the Destroyer (level 14, -10/94 HPs)
             Began as an Octopode Fire Elementalist on Jan 12, 2021.
             Was a High Priest of Sif Muna.
             Mangled by a freezing wraith (12 damage)
             ... led by a death knight
             ... on level 11 of the Dungeon on Jan 13, 2021.
             The game lasted 02:31:32 (17862 turns).

OdinFK the Destroyer (Octopode Fire Elementalist)  Turns: 17862, Time: 02:31:32

Health: -10/94     AC:  3    Str: 14    XL:     14   Next: 42%
Magic:  8/35       EV: 15    Int: 25    God:    Sif Muna [*****.]
Gold:   1590       SH: 10    Dex: 10    Spells: 1/29 levels left

rFire    + . .     SeeInvis +   a - +8 arc blade {discharge, rElec}
rCold    . . .     Faith    .   n - +1 buckler
rNeg     + + +     Spirit   .   D - +2 hat {SInv}
rPois    .         Reflect  +   l - amulet of reflection
rElec    +         Harm     .   j - ring of positive energy
rCorr    +         Rampage  .   R - ring of Discord {rN+ Int+3 Dex-2 Slay+3 SInv}
Will     +....                  S - ring "Nafusiv" {*Contam +Blink rF+ rN+}
Stlth    ++++......             E - +6 ring of strength
HPRegen  0.25/turn              k - ring of magical power
MPRegen  0.24/turn              o - ring of resist corrosion
                                M - ring of see invisible
                                (no ring)

@: slowed, very slow
A: almost no armour, stealthy swim, amphibious, 8 rings, constrict 8, camouflage
1, gelatinous body 1
a: Renounce Religion, Evoke Blink, Channel Magic, Forget Spell, Divine Exegesis


You were on level 11 of the Dungeon.
You worshipped Sif Muna.
Sif Muna was extremely pleased with you.
You visited 4 branches of the dungeon, and saw 20 of its levels.
You also visited: Sewer, Gauntlet and Volcano.

You collected 1590 gold pieces.

Inventory:

Hand Weapons
 a - the +8 arc blade (weapon) {discharge, rElec}
   (You found it on level 6 of the Lair of Beasts)

   It insulates you from electricity.
 T - a +0 eveningstar
Missiles
 q - 11 poisoned darts
 J - 11 curare-tipped darts
 U - 13 silver javelins
Armour
 n - a +1 buckler (worn)
 D - a +2 hat of see invisible (worn)
 V - a +1 tower shield of resistance
Magical Staves
 b - an uncursed staff of earth
 O - an uncursed staff of cold
Jewellery
 g - an uncursed ring of protection from fire
 j - a ring of positive energy (left tentacle)
 k - a ring of magical power (on tentacle)
 l - an amulet of reflection (around mantle)
 o - a ring of resist corrosion (on tentacle)
 p - an uncursed ring of fire
 E - a +6 ring of strength (on tentacle)
 F - an uncursed amulet of reflection
 M - a ring of see invisible (on tentacle)
 R - the ring of Discord (right tentacle) {rN+ Int+3 Dex-2 Slay+3 SInv}
   (You found it in a Gauntlet)

   [ring of see invisible]

   It affects your intelligence (+3).
   It affects your dexterity (-2).
   It affects your accuracy and damage with ranged weapons and melee attacks
   (+3).
   It protects you from negative energy.
   It lets you see invisible.
 S - the ring "Nafusiv" (on tentacle) {*Contam +Blink rF+ rN+}
   (You took it off a minotaur in a Gauntlet)

   [ring of protection from fire]

   It protects you from fire.
   It protects you from negative energy.
   It lets you blink.
   It causes magical contamination when unequipped.
 W - the ring of Semoin {rElec Will+++ EV-4 Str+4 Dex-2}
   (You found it in a Gauntlet)

   [ring of evasion]

   It affects your evasion (-4).
   It affects your strength (+4).
   It affects your dexterity (-2).
   It insulates you from electricity.
   It affects your willpower, your defense against some magical effects.
 X - an uncursed ring of flight
Wands
 e - a wand of digging (15)
 v - a wand of flame (38)
 G - a wand of paralysis (5)
 Y - a wand of disintegration (11)
Scrolls
 d - a scroll of fog
 f - 3 scrolls of amnesia
 i - a scroll of identify
 t - 5 scrolls of teleportation
 u - 8 scrolls of remove curse
 x - 4 scrolls of blinking
 C - 2 scrolls of fear
 I - 5 scrolls of immolation
 L - a scroll of torment
 P - 6 scrolls of enchant weapon
 Q - 6 scrolls of magic mapping
Potions
 c - 3 potions of curing
 h - a potion of haste
 m - a potion of might
 r - 2 potions of ambrosia {unknown}
 s - a potion of flight
 w - 3 potions of heal wounds
 y - 2 potions of invisibility
 z - a potion of magic
 A - a potion of mutation {unknown}
 B - 4 potions of attraction
 H - a potion of resistance {unknown}
 K - a potion of brilliance {unknown}
 N - 2 potions of berserk rage


   Skills:
 + Level 8.0 Fighting
 - Level 3.0 Short Blades
 + Level 6.5 Dodging
 - Level 7.0 Stealth
 + Level 4.1 Shields
 - Level 8.0 Spellcasting
 + Level 13.0 Conjurations
 + Level 2.2 Translocations
 + Level 1.3 Transmutations
 + Level 11.5 Fire Magic
 + Level 6.0 Earth Magic
 - Level 2.0 Poison Magic
 + Level 7.0 Invocations
 + Level 3.1 Evocations


You had one spell level left.
You knew the following spells:

 Your Spells              Type           Power        Failure   Level
a - Foxfire               Conj/Fire      100%         1%          1
b - Sticky Flame          Conj/Fire      64%          1%          4
c - Fireball              Conj/Fire      32%          1%          5
d - Passage of Golubria   Tloc           N/A          24%         4
e - Iron Shot             Conj/Erth      27%          19%         6
f - Bolt of Magma         Conj/Fire/Erth 28%          2%          5
g - Spider Form           Tmut/Pois      9%           10%         3

Your spell library contained the following spells:

 Spells                   Type           Power        Failure   Level
 Magic Dart               Conj           100%         1%          1
 Shock                    Conj/Air       100%         1%          1
 Corona                   Hex            11%          6%          1
 Conjure Flame            Conj/Fire      64%          1%          3
 Dazzling Flash           Conj/Hex       84%          1%          3
 Inner Flame              Hex/Fire       38%          1%          3
 Mephitic Cloud           Conj/Pois/Air  35%          2%          3
 Blink                    Tloc           N/A          3%          2
 Gell's Gravitas          Tloc           10%          7%          3
 Lesser Beckoning         Tloc           10%          7%          3
 Teleport Other           Tloc           21%          7%          3
 Call Imp                 Summ           10%          9%          2
 Corpse Rot               Necr/Air       N/A          9%          2
 Ensorcelled Hibernation  Hex/Ice        20%          9%          2
 Slow                     Hex            10%          9%          2
 Leda's Liquefaction      Hex/Erth       12%          17%         4
 Confusing Touch          Hex            10%          19%         3
 Tukima's Dance           Hex            10%          19%         3
 Vampiric Draining        Necr           5%           19%         3
 Animate Dead             Necr           5%           52%         4
 Agony                    Necr           10%          86%         5
 Silence                  Hex/Air        5%           86%         5
 Statue Form              Tmut/Erth      18%          90%         6
 Malign Gateway           Summ/Tloc      7%           100%        7
 Chain Lightning          Conj/Air       21%          100%        8
 Fire Storm               Conj/Fire      32%          100%        9
 Shatter                  Erth           20%          100%        9


Dungeon Overview and Level Annotations

Branches:
Dungeon (12/15)            Temple (1/1) D:5            Lair (6/6) D:11
  Swamp (0/4) Lair:2       Spider (0/4) Lair:4        Slime (0/5) Lair:5
    Orc (1/2) D:9           Sewer (visited)         Volcano (visited)
Gauntlet (visited)

Altars:
Ashenzari
Cheibriados
Dithmenos
Elyvilon
Fedhas
Gozag
Hepliaklqana
Kikubaaqudgha
Makhleb
Nemelex Xobeh
Okawaru
Qazlal
Ru
Sif Muna
Trog
Uskayaw
Vehumet
Wu Jian
Xom
Yredelemnul
Zin
The Shining One

Shops:
D:7 =   D:8 *

Annotations:
D:7 Joseph
D:11 Nergalle
D:12 Sonja
Lair:1 exclusion: downstairs
Lair:3 Irhican's ghost, journeyman MiBe
Lair:6 3 runed translucent doors, lasso's ghost, journeyman DECj


Innate Abilities, Weirdness & Mutations

You cannot wear most types of armour.
You are very stealthy in the water. (Stealth+)
You are amphibious.
You can wear up to eight rings at the same time.
You can use your tentacles to constrict eight enemies at once.
Your skin changes colour to match your surroundings (Stealth+).
Your rubbery body absorbs attacks. (AC +1, EV +1)


Message History

Casting: Bolt of Magma (dangerous; 2% risk of failure)
Confirm with . or Enter, or press ? or * to list all spells.
Okay, then.
You blink.
The phantasmal warrior blinks!
The freezing wraith barely misses you. The freezing wraith hits you.
The freezing wraith drains your vigour!
You feel as though you will be slow longer.
You block the freezing wraith's attack. x2
There is a stone staircase leading up here.
The freezing wraith hits you! The freezing wraith freezes you!!
The freezing wraith hits you!
* * * LOW HITPOINT WARNING * * *
The freezing wraith drains your vigour!
You feel as though you will be slow longer.
The phantasmal warrior blinks!
The freezing wraith hits you!
* * * LOW HITPOINT WARNING * * *
The freezing wraith freezes you!
* * * LOW HITPOINT WARNING * * *
The freezing wraith hits you!
You die...

######÷## #..# #.# #.## ###.#
#.# #...# #.# ########'###
##.######### #..........#
#..........#
#..........####^.......>.# ##
#..........W.##..........##.'
#..........#@.#.........>#..#
#..........##W#.....)......#
#############..§.W.......###
###..).......# #####.######
#..# #.## # ###.#### ###
#......# ###.'


You could see a phantasmal warrior and a freezing wraith.

Vanquished Creatures
  A minotaur (Gauntlet)
  A dire elephant (Gauntlet)
  A hydra (Lair:2)
  A merfolk avatar (Lair:6)
  8 two-headed ogres
  A death knight (D:12)
  4 death yaks (Lair:5)
  An ogre mage (Volcano)
  A hell knight (Volcano)
  2 sea snakes (Lair:6)
  An ugly thing (D:12)
  A manticore (D:11)
  2 black mambas (Lair:6)
  7 elephants
  Psyche (D:8)
  A molten gargoyle (Volcano)
  7 cane toads
  Maggie (D:7)
  4 rime drakes
  15 komodo dragons
  An ice devil (Gauntlet)
  A queen bee (Gauntlet)
  A troll (D:11)
  8 polar bears
  3 hornets (Lair:6)
  2 slime creatures (Lair:5)
  14 blink frogs
  Prince Ribbit (D:8)
  A redback (Lair:4)
  38 yaks
  A shadow (D:11)
  3 wyverns (Lair:6)
  7 fire bats (Volcano)
  4 basilisks
  Menkaure (D:4)
  2 hell hounds (Lair:5)
  14 water moccasins
  A sky beast (D:11)
  3 black bears
  5 orc warriors
  2 ice beasts
  A phantom (D:10)
  3 necrophages
  3 ogres
  3 eyes of draining
  10 centaurs
  16 bullfrogs
  A wyvern skeleton (D:11)
  A scorpion (D:6)
  20 killer bees
  3 electric eels
  7 wights
  A howler monkey (D:11)
  6 lava snakes (Volcano)
  A bullfrog zombie (D:11)
  8 hounds
  3 bullfrog skeletons
  7 jellies
  7 orc wizards
  4 orc priests
  5 iguanas
  10 worker ants
  4 hell rats (Lair:3)
  2 hound zombies
  A howler monkey skeleton (D:6)
  A worker ant zombie (D:6)
  10 gnolls
  9 adders
  6 shadow imps
  9 white imps
  2 ufetubi
  3 oozes
  An adder skeleton (D:10)
  4 worms
  2 dart slugs
  5 leopard geckos
  58 orcs
  12 bats
  4 giant cockroaches
  7 goblins
  5 hobgoblins
  5 jackals
  2 quokkas
  3 ball pythons
  7 frilled lizards
  6 kobolds
  A leopard gecko skeleton (D:7)
  2 leopard gecko zombies
  A quokka skeleton (D:4)
  18 rats
  A bush (Lair:2)
485 creatures vanquished.

Vanquished Creatures (collateral kills)
  8 foxfires
8 creatures vanquished.

Vanquished Creatures (others)
  1330 foxfires
  47 fungi
  94 plants
  7 withered plants
1478 creatures vanquished.

Grand Total: 1971 creatures vanquished

Notes
Turn   | Place    | Note
-------+----------+-------------------------------------------
     0 | D:1      | OdinFK the Octopode Fire Elementalist began the quest for
                  | the Orb.
     0 | D:1      | Reached XP level 1. HP: 11/11 MP: 3/3
   317 | D:1      | Reached XP level 2. HP: 11/17 MP: 0/5
   635 | D:1      | Reached XP level 3. HP: 21/21 MP: 6/6
   953 | D:2      | Reached skill level 2 in Conjurations
  1651 | D:3      | Reached XP level 4. HP: 26/27 MP: 2/7
  1811 | D:3      | Found a faded altar of an unknown god.
  1963 | D:3      | Reached skill level 3 in Conjurations
  1988 | D:3      | Found a broken altar of Ashenzari.
  2284 | D:3      | Reached skill level 1 in Fighting
  2284 | D:3      | Reached skill level 1 in Shields
  2284 | D:3      | Reached XP level 5. HP: 22/33 MP: 0/8
  2423 | D:3      | Learned a level 4 spell: Sticky Flame
  2521 | D:4      | Noticed Menkaure
  2521 | D:4      | Noticed an ogre
  2677 | D:4      | Found a glowing drain.
  2798 | Sewer    | Entered a sewer
  2828 | Sewer    | Noticed a water moccasin
  2868 | Sewer    | Killed a water moccasin
  2869 | Sewer    | Reached XP level 6. HP: 29/38 MP: 3/9
  3152 | D:4      | Killed Menkaure
  3160 | D:4      | Learned a level 5 spell: Fireball
  3247 | D:4      | Reached XP level 7. HP: 44/44 MP: 6/11
  3535 | D:5      | Entered Level 5 of the Dungeon
  3547 | D:5      | Reached skill level 4 in Conjurations
  3664 | D:5      | Reached XP level 8. HP: 50/50 MP: 1/14
  3822 | D:5      | Found a staircase to the Ecumenical Temple.
  3827 | D:5      | Reached skill level 5 in Fire Magic
  3842 | Temple   | Entered the Ecumenical Temple
  3938 | Temple   | Became a worshipper of Sif Muna the Loreminder
  3970 | D:5      | Reached skill level 5 in Conjurations
  4334 | D:6      | Reached * piety under Sif Muna
  4443 | D:6      | Found a white marble altar of Elyvilon.
  4869 | D:6      | Reached skill level 5 in Spellcasting
  4869 | D:6      | Reached skill level 6 in Conjurations
  4946 | D:6      | Reached XP level 9. HP: 14/55 MP: 4/16
  5175 | D:7      | Found Nesatafe's Jewellery Emporium.
  5255 | D:7      | Noticed Joseph
  5491 | D:7      | Found a shadowy altar of Dithmenos.
  5491 | D:7      | Found a sparkling altar of Nemelex Xobeh.
  5491 | D:7      | Found a blossoming altar of Fedhas.
  5641 | D:7      | Noticed Maggie
  5757 | D:7      | Killed Maggie
  6158 | D:8      | Reached ** piety under Sif Muna
  6170 | D:8      | Reached skill level 7 in Conjurations
  6321 | D:8      | Found Pousmir's General Store.
  6486 | D:8      | Reached XP level 10. HP: 63/63 MP: 6/20
  6492 | D:8      | Found a burning altar of Makhleb.
  6715 | D:8      | Noticed Prince Ribbit
  6738 | D:8      | Killed Prince Ribbit
  7045 | D:8      | Found a basalt altar of Yredelemnul.
  7051 | D:8      | Found an opulent altar of Gozag.
  7061 | D:8      | Noticed Psyche
  7067 | D:8      | Killed Psyche
  7067 | D:8      | Reached *** piety under Sif Muna
  7263 | D:9      | Upgraded the game from 0.26.0-8-g74fc34ddfb to
                  | 0.26.0-9-gab577f9fc5
  7367 | D:9      | Found a staircase to the Orcish Mines.
  7595 | D:9      | Noticed a purple ugly thing
  7683 | D:9      | Found a stormy altar of Qazlal.
  8189 | Orc:1    | Entered Level 1 of the Orcish Mines
  8417 | D:10     | Entered Level 10 of the Dungeon
  8456 | D:10     | Reached skill level 8 in Conjurations
  8469 | D:10     | Reached skill level 1 in Evocations
  8522 | D:10     | Reached **** piety under Sif Muna
  8589 | D:10     | Learned a level 2 spell: Blink
  8692 | D:10     | Reached skill level 1 in Invocations
  8813 | D:10     | Reached skill level 1 in Translocations
  8889 | D:10     | Reached skill level 5 in Stealth
  8899 | D:10     | Reached XP level 11. HP: 39/70 MP: 1/23
  9164 | D:11     | Reached skill level 5 in Fighting
  9237 | D:11     | Found a glowing silver altar of Zin.
  9387 | D:11     | Noticed a two-headed ogre
  9446 | D:11     | Noticed a manticore
  9459 | D:11     | Killed a manticore
  9462 | D:11     | Noticed Nergalle
  9547 | D:11     | Noticed a two-headed ogre
  9778 | D:11     | Reached ***** piety under Sif Muna
  9797 | D:11     | Reached skill level 9 in Conjurations
  9799 | D:11     | Noticed a two-headed ogre
 10045 | D:11     | Killed a two-headed ogre
 10157 | D:11     | Killed a two-headed ogre
 10264 | D:11     | Identified Sif Muna's Grimoire of Battle Magic (Sif Muna
                  | gifted it to you on level 11 of the Dungeon)
 10264 | D:11     | Received a gift from Sif Muna
 10302 | D:11     | Learned a level 6 spell: Iron Shot
 10400 | D:11     | Killed a two-headed ogre
 10444 | D:11     | Found a staircase to the Lair.
 10483 | Lair:1   | Entered Level 1 of the Lair of Beasts
 10497 | Lair:1   | Found a sparkling altar of Nemelex Xobeh.
 10560 | Lair:1   | Reached skill level 1 in Earth Magic
 10775 | Lair:2   | Reached skill level 5 in Dodging
 11384 | Lair:2   | Reached XP level 12. HP: 79/79 MP: 16/24
 11565 | Lair:2   | Reached skill level 10 in Fire Magic
 11930 | Lair:2   | Noticed an eight-headed hydra
 11936 | Lair:2   | Killed an eight-headed hydra
 11972 | Lair:2   | Found a staircase to the Swamp.
 12042 | Lair:3   | Found a runed translucent door.
 12042 | Lair:3   | Noticed Irhican's ghost (journeyman MiBe)
 12159 | Lair:2   | Reached skill level 10 in Conjurations
 12432 | Lair:3   | Reached skill level 5 in Invocations
 12483 | Lair:3   | Learned a level 5 spell: Bolt of Magma
 12928 | Lair:4   | Found a glowing silver altar of Zin.
 13140 | Lair:4   | Reached skill level 11 in Conjurations
 13176 | Lair:4   | Found a hole to the Spider Nest.
 13389 | Lair:4   | Reached XP level 13. HP: 86/86 MP: 13/25
 13518 | Lair:5   | Found a basalt altar of Yredelemnul.
 13613 | Lair:5   | Found a dark tunnel.
 13774 | Volcano  | Entered a volcano
 13876 | Volcano  | Identified Sif Muna's Guide on Warped Envenoming (Sif Muna
                  | gifted it to you in a volcano)
 13876 | Volcano  | Received a gift from Sif Muna
 13884 | Volcano  | Learned a level 3 spell: Spider Form
 14358 | Volcano  | Found a burning altar of Makhleb.
 14367 | Volcano  | Reached skill level 1 in Transmutations
 14367 | Volcano  | Reached skill level 1 in Poison Magic
 14368 | Volcano  | Reached skill level 5 in Earth Magic
 14777 | Lair:5   | Identified a scroll of acquirement
 14778 | Lair:5   | Acquired a +1 hat of see invisible
 14995 | Lair:5   | Found a staircase to the Slime Pits.
 15014 | Lair:5   | Reached skill level 12 in Conjurations
 15154 | Lair:6   | Entered Level 6 of the Lair of Beasts
 15180 | Lair:6   | Noticed a dire elephant
 16107 | Lair:6   | Reached XP level 14. HP: 94/94 MP: 2/26
 16271 | Lair:6   | Paralysed by a hornet for 2 turns
 16498 | Lair:6   | Noticed lasso's ghost (journeyman DECj)
 16630 | Lair:6   | Found a runed translucent gate.
 16630 | Lair:6   | Found a runed translucent gate.
 16630 | Lair:6   | Found a runed translucent gate.
 16704 | Lair:6   | Found the +8 arc blade {discharge, rElec}
 16810 | Lair:6   | Reached skill level 1 in Short Blades
 16994 | D:12     | Reached skill level 13 in Conjurations
 17009 | D:12     | Found a gate leading to a gauntlet.
 17018 | Gauntlet | Entered a Gauntlet
 17018 | Gauntlet | Found a transporter.
 17018 | Gauntlet | Found a transporter.
 17035 | Gauntlet | Found a transporter.
 17038 | Gauntlet | Found a transporter.
 17053 | Gauntlet | Found a transporter.
 17057 | Gauntlet | Found a transporter.
 17070 | Gauntlet | Found a transporter.
 17081 | Gauntlet | Noticed a dire elephant
 17088 | Gauntlet | Found a transporter.
 17094 | Gauntlet | Found a transporter.
 17098 | Gauntlet | Found a transporter.
 17109 | Gauntlet | Found a transporter.
 17112 | Gauntlet | Found a transporter.
 17243 | Gauntlet | Identified Sif Muna's Disquisition on the Birds and
                  | Enchantment (Sif Muna gifted it to you in a Gauntlet)
 17243 | Gauntlet | Received a gift from Sif Muna
 17595 | Gauntlet | Killed a dire elephant
 17647 | Gauntlet | Got a steaming silver ring
 17648 | Gauntlet | Identified the ring of Discord {rN+ Int+3 Dex-2 Slay+3
                  | SInv} (You found it in a Gauntlet)
 17766 | Gauntlet | Identified the +5 scale mail of a bazaar {*Corrode rN++
                  | Regen+ Dex+6}
 17766 | Gauntlet | Identified the ring "Nafusiv" {*Contam +Blink rF+ rN+}
 17791 | Gauntlet | Got a twitching granite ring
 17795 | Gauntlet | Identified the Guide on Unholy Magic
 17803 | Gauntlet | Identified the cursed ring of Semoin {rElec Will+++ EV-4
                  | Str+4 Dex-2} (You found it in a Gauntlet)
 17816 | Gauntlet | Learned a level 4 spell: Passage of Golubria
 17844 | D:12     | Noticed Sonja
 17862 | D:11     | HP: 2/94 [freezing wraith[a death knight] (10)]
 17862 | D:11     | Mangled by a freezing wraith

Illustrated notes

Levels and vault maps discovered:
D:1:      dpeg_arrival_ratfight, layout_loops_ring, minmay_pentomino_x2
D:2:      layout_basic, wad_floor_pattern_untrapped
D:3:      layout_basic, chequers_ecumenical_altar_simple_redux,
          nicolae_ashenzari_panopticon
D:4:      layout_rooms, gup_sewer_entry_bubbles, uniq_menkaure
D:5:      layout_cave_pools, minmay_temple_entry_grid, serial_bayou_pond_d,
          chequers_serial_rivers_micro_e
D:6:      layout_cave_pools, kennysheep_little_box, serial_glass,
          glass_columns_b, glass_columns_b, minmay_strange_pillars,
          due_unseen_surprise, serial_bayou_ford_a, minmay_statues_item,
          lightli_corner_chamber
D:7:      layout_loops_ring, chequers_temple_overflow_statue_of_worship,
          serial_shops, kennysheep_mini_moat, uniq_joseph, uniq_maggie
D:8:      layout_basic, lemuel_crystal_altar, minitemple, serial_shops, shop,
          special_room [special_room_orc], uniq_psyche, uniq_prince_ribbit1
D:9:      layout_stronghold, grunt_qazlal_clouds, david_orc_3
D:10:     layout_small_grid, grunt_ministairs_14
D:11:     layout_roguey, david_lair_shrubbed, basic_altar, uniq_nergalle
D:12:     layout_loops_ring, serial_shops, nicolae_shop_behind_doors,
          gauntlet_entry_generic, uniq_erolcha, uniq_fannar, uniq_sonja
Temple:   jpeg_temple_clearing
Lair:1:   layout_hall_layers, basic_altar, gammafunk_lair_bear_cave,
          grunt_megastairs_2
Lair:2:   layout_cave_pods, minmay_swamp_entry_reptiles,
          infiniplex_staircase_pool
Lair:3:   layout_regular_city, gammafunk_ghost_grave
Lair:4:   layout_cave_pods, spider_nest_entry_webs, basic_altar,
          serial_bayou_shore_b, grunt_megastairs_4
Lair:5:   layout_long_grid, minmay_slime_entry_pillars, basic_altar,
          enter_volcano_3
Lair:6:   gammafunk_lair_ancient_temple, layout_small_grid,
          gammafunk_ghost_split, zaba_antful_of_joy
Orc:1:    layout_caves, serial_shops, shop, nicolae_shop_crystal, shop,
          elves_outpost_lemuel

Skill      XL: |  1  2  3  4  5  6  7  8  9 10 11 12 13 14 |
---------------+-------------------------------------------+-----
Conjurations   | 2 3 4 6 7 8 9 11 12 13 | 13.0
Fighting       | 1 2 4 6 7 8 |  8.0
Shields        | 1 3 4 |  4.1
Spellcasting   | 4 5 7 8 |  8.0
Stealth        | 3 5 6 7 |  7.0
Fire Magic     | 4 6 7 8 9 10 11 | 11.5
Dodging        | 3 4 5 6 |  6.5
Evocations     | 1 2 3 |  3.1
Invocations    | 1 3 5 6 7 |  7.0
Translocations | 1 2 |  2.2
Earth Magic    | 2 4 5 6 |  6.0
Transmutations | 1 |  1.3
Poison Magic   | 2 |  2.0
Short Blades   | 3 |  3.0

Action                   |  1- 3 |  4- 6 |  7- 9 | 10-12 | 13-15 || total
-------------------------+-------+-------+-------+-------+-------++-------
Melee: Unarmed           |    13 |       |       |       |     6 ||    19
       Constrict         |     2 |     2 |     3 |    26 |     7 ||    40
       Tentacles         |     1 |     1 |     2 |    16 |     7 ||    27
       Dagger            |       |     9 |    17 |    50 |       ||    76
       Morningstar       |       |       |       |    52 |    20 ||    72
       Broad axe         |       |       |       |       |    17 ||    17
       Rapier            |       |       |       |       |    13 ||    13
 Cast: Foxfire           |    54 |    76 |   246 |   402 |    39 ||   817
       Sticky Flame      |       |       |    15 |    44 |    13 ||    72
       Fireball          |       |       |       |    68 |    33 ||   101
       Blink             |       |       |       |    14 |    12 ||    26
       Bolt of Magma     |       |       |       |     8 |   119 ||   127
       Spider Form       |       |       |       |       |     2 ||     2
 Abil: Evoke Blink       |       |       |       |       |     1 ||     1
  Use: Potion            |       |     2 |     4 |     3 |     3 ||    12
       Scroll            |       |     5 |     2 |    11 |    11 ||    29
 Stab: Sleeping          |     2 |     1 |     2 |     5 |       ||    10
       Distracted        |       |       |       |       |     2 ||     2
Armor: Skin              |     3 |     6 |     1 |     2 |     4 ||    16
Dodge: Dodged            |    15 |    22 |    37 |    82 |    86 ||   242
Block: Buckler           |       |     1 |    53 |    67 |    62 ||   183
       Reflection        |       |       |     5 |     5 |     6 ||    16
       Other             |       |       |       |       |     1 ||     1
